 Dungeon Crawl Stone Soup version 0.23.2-1-ga50397a (webtiles) character file.

Game seed: 11664571571897436563

522852 krystol the Slayer (level 27, -2/198 HPs)
             Began as a Kobold Gladiator on May 10, 2019.
             Was a High Priest of Ru.
             Slain by an azure jelly (35 damage)
             ... on level 3 of the Pits of Slime on May 12, 2019.
             The game lasted 08:35:03 (135075 turns).

krystol the Slayer (Kobold Gladiator)             Turns: 135075, Time: 08:35:04

Health: -2/198     AC: 38    Str: 16      XL:     27
Magic:  0/36       EV: 18    Int: 15 (16) God:    Ru [*****.]
Gold:   3591       SH:  0    Dex: 14      Spells: 36/44 levels left

rFire    + + .     SeeInvis .   a - +9 rapier (drain)
rCold    x . .     Gourm    .   (shield unavailable)
rNeg     + . .     Faith    .   C - +10 plate armour of the Accordion {rElec rF+ MR+}
rPois    +         Spirit   +   E - +0 hat {Int+3}
rElec    +         Reflect  .   y - +2 ratskin cloak {+Rats rPois rN+ Str-1 Int-1 Dex+1}
rCorr    .         Harm     .   f - +2 pair of gloves
MR       +++..                  u - +0 pair of boots
Stlth    +++.......             x - amulet "Aziwkyip" {Spirit rPois Int+2}
HPRegen  0.00/turn              (ring unavailable)
MPRegen  0.25/turn              g - ring of fire

@: exhausted, drained
A: small, rugged brown scales 1, carnivore, clumsy 2, deterioration 2, shaggy
fur 1, inhibited regeneration, weak 2, missing a hand, no air magic, no
necromancy magic, no translocations magic
}: 2/15 runes: barnacled, gossamer
a: Sacrifice Experience, Sacrifice Purity, Sacrifice Courage, Reject Sacrifices,
Draw Out Power, Power Leap, Apocalypse, Renounce Religion, Evoke Ratskin


You were on level 3 of the Pits of Slime.
You worshipped Ru.
Ru was extremely pleased with you.
You were hungry.

You visited 10 branches of the dungeon, and saw 49 of its levels.
You visited the Abyss 1 time.
You visited 1 bazaar.
You also visited: Bailey, Ice Cave and Volcano.

You collected 7319 gold pieces.
You spent 3728 gold pieces at shops.

Inventory:

Hand Weapons
 a - a +9 rapier of draining (weapon)
 j - the +3 fustibalus "Tealoc" {venom, +Blink rN++ Stlth-}
   (You found it on level 3 of the Elven Halls)

   It poisons the ammo it fires.
   It greatly protects you from negative energy.
   It lets you blink.
   It makes you less stealthy.
 s - the +3 dagger "Quomipe" {elec, rC+ MR+}
   (You took it off a wizard on level 1 of the Depths)

   Occasionally, upon striking a foe, it will discharge some electrical energy
   and cause terrible harm.
   It protects you from cold.
   It affects your resistance to hostile enchantments.
Missiles
 J - 12 throwing nets (quivered) {!f}
Armour
 f - a +2 pair of gloves (worn)
 u - a +0 pair of boots (worn)
 y - the +2 ratskin cloak (worn) {+Rats rPois rN+ Str-1 Int-1 Dex+1}
   (You found it on level 11 of the Dungeon)

   It affects your strength (-1).
   It affects your intelligence (-1).
   It affects your dexterity (+1).
   It protects you from poison.
   It protects you from negative energy.
 C - the +10 plate armour of the Accordion (worn) {rElec rF+ MR+}
   (You found it on level 6 of the Lair of Beasts)

   It protects you from fire.
   It insulates you from electricity.
   It affects your resistance to hostile enchantments.
 E - a +0 hat of intelligence (worn)
 F - the +15 Maxwell's patent armour {-Cast -Tele rElec MR+ rCorr}
   (You took it off a deep elf master archer on level 3 of the Elven Halls)

   It insulates you from electricity.
   It affects your resistance to hostile enchantments.
   It prevents spellcasting.
   It prevents most forms of teleportation.
   It provides partial protection from all sources of acid and corrosion.
Jewellery
 g - a ring of fire (right hand)
 i - an uncursed ring of see invisible
 o - an uncursed ring of protection from cold
 x - the amulet "Aziwkyip" (around neck) {Spirit rPois Int+2}
   (You took it off a deep elf sorcerer on level 3 of the Elven Halls)

   [amulet of guardian spirit]

   It causes incoming damage to be split between your health and magic.
   It affects your intelligence (+2).
   It protects you from poison.
 D - an uncursed ring of protection from magic
 K - the ring "Tejuxiss" {EV+4 Dex+2}
   (You took it off a deep elf blademaster on level 3 of the Elven Halls)

   [ring of evasion]

   It affects your evasion (+4).
   It affects your dexterity (+2).
 S - an uncursed ring of resist corrosion
Wands
 A - a wand of disintegration (47)
 I - a wand of digging (21)
 N - a wand of paralysis (37)
 P - a wand of acid (25)
 W - a wand of iceblast (14)
 X - a wand of scattershot (5)
 Y - a wand of enslavement (3)
 Z - a wand of flame (23)
Scrolls
 c - 2 scrolls of silence
 e - 18 scrolls of teleportation
 k - 5 scrolls of magic mapping
 n - 24 scrolls of identify
 p - 20 scrolls of remove curse
 w - 4 scrolls of immolation
 B - 6 scrolls of fear
 R - 8 scrolls of fog
Potions
 h - 13 potions of might
 l - 20 potions of curing
 m - 6 potions of cancellation
 q - 5 potions of haste
 r - 4 potions of agility
 t - a potion of resistance
 v - 5 potions of magic
 G - 6 potions of ambrosia
 L - 4 potions of mutation
 M - 4 potions of flight
 Q - 6 potions of heal wounds
 T - 6 potions of berserk rage
Miscellaneous
 b - 2 sacks of spiders
 z - a box of beasts
 O - a lamp of fire (inert)
 U - a phial of floods
Comestibles
 d - 15 rations


   Skills:
 + Level 25.2(23.6) Fighting
 - Level 14.0(12.7) Short Blades
 - Level 2.1(1.2) Throwing
 + Level 17.3(16.0) Armour
 + Level 23.2(21.7) Dodging
 - Level 20.0(18.5) Stealth
 - Level 9.0(7.9) Spellcasting
 - Level 10.0(8.8) Hexes
 + Level 15.6(14.3) Evocations


You had 36 spell levels left.
You knew the following spells:

 Your Spells              Type           Power        Failure   Level  Hunger
a - Corona                Hex            ####...      5%          1    None
b - Confusing Touch       Hex            ####..       5%          1    None
c - Confuse               Hex            ####....     16%         3    ##.....
d - Tukima's Dance        Hex            ####....     16%         3    ##.....

Your spell library contained the following spells:

 Spells                   Type           Power        Failure   Level  Hunger
 Slow                     Hex            ####....     9%          2    None
 Ensorcelled Hibernation  Hex/Ice        ###...       45%         2    None
 Dazzling Spray           Conj/Hex       ###...       71%         3    ##.....
 Inner Flame              Hex/Fire       ####....     71%         3    ##.....
 Spectral Weapon          Hex/Chrm       ###.....     71%         3    ##.....
 Summon Guardian Golem    Hex/Summ       ###.....     71%         3    ##.....
 Freeze                   Ice            #...         91%         1    None
 Magic Dart               Conj           #...         91%         1    None
 Summon Small Mammal      Summ           #...         91%         1    None
 Call Imp                 Summ           #.......     97%         2    None
 Searing Ray              Conj           #.....       97%         2    None
 Song of Slaying          Chrm           #.......     97%         2    None
 Throw Frost              Conj/Ice       #.....       97%         2    None
 Fulminant Prism          Conj/Hex       ###.......   98%         4    ####...
 Call Canine Familiar     Summ           #.......     99%         3    ##.....
 Conjure Flame            Conj/Fire      #.......     99%         3    ##.....
 Ozocubu's Armour         Chrm/Ice       #.......     99%         3    ##.....
 Ice Form                 Ice/Tmut       #.......     100%        4    ####...
 Iskenderun's Mystic Bla  Conj           #.......     100%        4    ####...
 Summon Ice Beast         Ice/Summ       #.......     100%        4    ####...
 Throw Icicle             Conj/Ice       #.......     100%        4    ####...
 Fireball                 Conj/Fire      #.........   100%        5    #####..
 Metabolic Englaciation   Hex/Ice        ###.......   100%        5    #####..
 Bolt of Cold             Conj/Ice       #.........   100%        6    #######
 Ozocubu's Refrigeration  Ice            #.........   100%        6    #######
 Summon Hydra             Summ           #.........   100%        7    #######
 Portal Projectile        Hex/Tloc       Unusable     N/A         3    N/A
 Animate Skeleton         Necr           Unusable     N/A         1    N/A
 Apportation              Tloc           Unusable     N/A         1    N/A
 Blink                    Tloc           Unusable     N/A         2    N/A
 Shroud of Golubria       Chrm/Tloc      Unusable     N/A         2    N/A
 Swiftness                Chrm/Air       Unusable     N/A         2    N/A
 Gell's Gravitas          Tloc           Unusable     N/A         3    N/A
 Lesser Beckoning         Tloc           Unusable     N/A         3    N/A
 Mephitic Cloud           Conj/Pois/Air  Unusable     N/A         3    N/A
 Regeneration             Chrm/Necr      Unusable     N/A         3    N/A
 Teleport Other           Tloc           Unusable     N/A         3    N/A
 Force Lance              Conj/Tloc      Unusable     N/A         4    N/A
 Passage of Golubria      Tloc           Unusable     N/A         4    N/A
 Summon Lightning Spire   Summ/Air       Unusable     N/A         4    N/A
 Silence                  Hex/Air        Unusable     N/A         5    N/A
 Conjure Ball Lightning   Conj/Air       Unusable     N/A         6    N/A
 Deflect Missiles         Chrm/Air       Unusable     N/A         6    N/A
 Freezing Cloud           Conj/Ice/Air   Unusable     N/A         6    N/A
 Simulacrum               Ice/Necr       Unusable     N/A         6    N/A
 Tornado                  Air            Unusable     N/A         9    N/A

Dungeon Overview and Level Annotations

Branches:
Dungeon (15/15)            Temple (1/1) D:7            Lair (6/6) D:9
 Shoals (4/4) Lair:4       Spider (4/4) Lair:4        Slime (5/5) Lair:6
    Orc (2/2) D:10            Elf (3/3) Orc:2        Vaults (4/5) D:14
  Crypt (0/3) Vaults:3     Depths (5/5) D:15            Zot (0/5) Depths:5

Altars:
Ashenzari
Cheibriados
Dithmenos
Elyvilon
Fedhas
Gozag
Hepliaklqana
Kikubaaqudgha
Makhleb
Nemelex Xobeh
Okawaru
Qazlal
Ru
Sif Muna
Trog
Uskayaw
Vehumet
Wu Jian
Xom
Yredelemnul
Zin
The Shining One
Beogh
Jiyva

Shops:
D:15 *(:[   Orc:1 ?   Orc:2 !%*[   Elf:3 *([!   Shoals:1 =   Vaults:1 (
Vaults:2 %   Depths:2 %

Portals:
Hell: Depths:1 Depths:2 Depths:3 Depths:4 Depths:5
Abyss: Depths:4
Pandemonium: Depths:3
Ziggurat: Depths:4

Annotations:
D:2 exclusion: downstairs
D:3 exclusion: downstairs
D:7 exclusion: upstairs
Shoals:1 1 runed translucent door, exclusion: Roxanne, Roxanne; Woutahasch's ghost, journeyman HOFi
Spider:1 1 runed translucent door, reativica's ghost, journeyman CeHu
Spider:2 3 runed translucent doors, Lauz's ghost, adept MiFi; Lotaimix's ghost, adept HOFi; bmj180's ghost, adept MiFi; slayr's ghost, adept DDMo
Elf:2 3 runed translucent doors
Elf:3 2 transporters, totalnoob's ghost, adept GnWz
Vaults:2 3 runed translucent doors, Yloucecuu's ghost, veteran SpEn
Vaults:3 exclusion: downstairs
Vaults:4 Sojobo


Innate Abilities, Weirdness & Mutations

You are small and have problems with some larger weapons.
You are carnivorous and can eat meat at any time.
You are very clumsy. (Dex -4)
You are missing a hand.
You cannot study or cast Air magic.
You cannot study or cast Necromancy magic.
You cannot study or cast Translocations magic.
You are partially covered in rugged brown scales. (AC +1, +3% HP)
Your body often deteriorates upon taking damage.
You are covered in fur. (AC +1)
You do not regenerate when monsters are visible.
You are very weak. (Str -4)


Message History

The azure jelly freezes the azure jelly!
The azure jelly resists.
The azure jelly hits the azure jelly but does no damage.
The azure jelly hits the azure jelly.
You hit the azure jelly. You drain the azure jelly.
The azure jelly is lightly wounded.
The slime creature is no longer covered in acid.
The azure jelly misses you.
The azure jelly hits you but does no damage. x2
The azure jelly barely misses you.
The azure jelly hits you but does no damage. x3
The azure jelly hits you.
* * * LOW HITPOINT WARNING * * *
You puncture the azure jelly!
The azure jelly is lightly wounded.
The slime creature hits you but does no damage.
The azure jelly hits you.
* * * LOW HITPOINT WARNING * * *
The azure jelly freezes you!!!
You feel a terrible chill!
You die...

.####**###*####........## **
##.###.#.......##.#*** #
##............#.....*,** #
#.................§#,,,* #
#.....##....>....§§#,,,*
##......##....§§☼☼...*,**
###...#....##....§.....,,,***
##....###.....JJJ#.#....,,,,,**
##....## ###....@.#.#....,,,,,,*
###....#####.........#...,***,**
.####..#.##...........#,.** ***
..##......##.............*
.........####..#........#*
.......###*#....##.....##
.......## #....#.*....##
........# ##.##.,,...##
.......## ##***,*....**


You could see 2 azure jellies and a slime creature.

Vanquished Creatures
  the Royal Jelly (Slime:5)
  Mara (Depths:1)
  2 juggernauts (Depths:5)
  5 golden dragons
  Nikola (Shoals:4)
  Arachne (Spider:2)
  A bone dragon (Depths:5)
  5 liches
  3 tentacled monstrosities
  Jorgrun (Spider:1)
  3 titans
  2 deep elf blademasters (Elf:3)
  Asterion (Lair:4)
  A quicksilver dragon (Depths:4)
  2 deep elf master archers (Elf:3)
  24 acid blobs
  Polyphemus (Shoals:2)
  2 ancient champions (Vaults:4)
  3 sphinxes
  Gastronok (Lair:2)
  Kirke (Lair:4)
  Agnes (Spider:3)
  A shadow dragon (Depths:3)
  3 storm dragons
  3 tengu reavers
  7 fire giants
  A draconian monk (Depths:5)
  13 azure jellies
  9 frost giants
  8 vault wardens
  A ghost moth (Spider:4)
  9 deep elf sorcerers
  9 emperor scorpions
  A draconian shifter (Depths:5)
  An iron dragon (Depths:4)
  A balrug (Depths:4)
  2 deep elf elementalists
  7 ironheart preservers
  14 stone giants
  A reaper (Depths:4)
  A spriggan defender (Depths:2)
  8 entropy weavers
  15 very ugly things
  5 vampire knights
  2 yellow draconians (Depths:5)
  A spark wasp (shapeshifter) (Depths:1)
  10 deep elf demonologists
  6 deep elf annihilators
  A dire elephant (Lair:6)
  5 deep elf death magi
  4 spark wasps
  4 purple draconians (Depths:5)
  8 ettins
  2 white draconians (Depths:5)
  9 death oozes
  A blizzard demon (Depths:4)
  5 merfolk javelineers
  11 fire dragons
  16 yaktaur captains
  5 deep elf high priests
  15 great orbs of eyes
  Josephine (D:11)
  8 merfolk impalers
  A great orb of eyes (shapeshifter) (Vaults:3)
  13 ice dragons
  Harold (D:6)
  9 rakshasas
  6 vault guards
  4 hydras
  A spriggan air mage (Depths:2)
  11 centaur warriors
  A monstrous demonspawn (Depths:3)
  4 merfolk aquamancers
  2 alligator snapping turtles (Shoals:3)
  13 ogre magi
  4 death knights
  3 merfolk avatars
  39 two-headed ogres
  8 deep troll shamans
  3 catoblepae
  A satyr (Shoals:3)
  8 death yaks
  17 tengu warriors
  A queen ant (D:12)
  3 vampire magi
  14 deep troll earth magi
  15 dancing weapons
  13 spriggan berserkers
  A shock serpent (shapeshifter) (Depths:2)
  20 deep elf knights
  4 soul eaters
  A hell knight (Vaults:4)
  A salamander mystic (Depths:5)
  3 sun demons
  A shadow wraith (D:13)
  A glowing orange brain (shapeshifter) (Elf:3)
  14 skeletal warriors
  38 deep trolls
  An iron troll (Depths:4)
  2 unseen horrors
  A death drake (shapeshifter) (Vaults:3)
  11 sea snakes
  7 glowing orange brains
  A shadow demon (Depths:3)
  The ghost of myga the Slicer, a novice HaBe of Trog (D:7)
  5 flayed ghosts
  12 ironbrand convokers
  4 phantasmal warriors
  10 wizards
  13 deep elf archers
  39 deep elf magi
  21 orb spiders
  24 orc knights
  38 harpies
  4 necromancers
  A small abomination (Depths:4)
  A stone giant zombie (Vaults:4)
  29 wolf spiders
  7 fauns
  A cyclops (shapeshifter) (Depths:1)
  3 shining eyes
  10 cyclopes
  14 manticores
  62 ugly things
  A faun (shapeshifter) (Depths:5)
  4 orc sorcerers
  A moth of wrath (shapeshifter) (Depths:1)
  2 shining eyes (shapeshifter)
  A manticore (shapeshifter) (Depths:5)
  A fire giant zombie (Vaults:4)
  2 moths of wrath
  9 rust devils
  5 elephants
  2 ice statues
  3 salamanders (Depths:5)
  17 vault sentinels
  A centaur zombie (D:12)
  10 merfolk sirens
  2 gargoyles (Volcano)
  5 black mambas
  An eye of devastation (Slime:4)
  6 water nymphs
  A water nymph (shapeshifter) (Depths:1)
  A molten gargoyle (Volcano)
  9 spiny frogs
  A torpor snail (Spider:4)
  5 spectral swamp worms (Depths:3)
  A spiny frog (shapeshifter) (Depths:2)
  A centaur skeleton (D:14)
  4 efreet
  3 kobold demonologists
  A human zombie (Vaults:4)
  3 ice devils (Depths:4)
  10 komodo dragons
  15 demonic crawlers
  9 freezing wraiths
  A rime drake (shapeshifter) (D:15)
  55 yaktaurs
  A wind drake (shapeshifter) (Depths:2)
  2 meliai (shapeshifter) (D:15)
  15 trolls
  A red devil (Depths:4)
  A queen bee (shapeshifter) (D:15)
  2 tengu conjurers
  35 jumping spiders
  34 merfolk
  A human skeleton (Vaults:2)
  A troll (shapeshifter) (Vaults:3)
  17 hornets
  6 wind drakes
  A polar bear (shapeshifter) (Depths:1)
  17 polar bears
  Prince Ribbit (D:6)
  A raiju (shapeshifter) (Vaults:3)
  11 snapping turtles
  120 slime creatures
  5 blink frogs
  2 human simulacra
  18 dream sheep
  11 hippogriffs
  A meliai zombie (D:14)
  6 shadows
  A spriggan (shapeshifter) (D:14)
  4 flying skulls
  8 spriggans
  2 tarantellas (shapeshifter)
  86 redbacks
  39 yaks
  17 tarantellas
  A hog (Shoals:1)
  14 water elementals
  10 wraiths
  A wyvern (D:13)
  3 basilisks
  A golden eye (shapeshifter) (D:15)
  3 golden eyes (Slime:5)
  A human (shapeshifter) (Elf:3)
  An ettin skeleton (Vaults:4)
  6 hungry ghosts
  4 fire elementals
  A soldier ant (shapeshifter) (Vaults:3)
  10 soldier ants
  5 wargs
  5 water moccasins
  4 acid dragons
  A floating eye (shapeshifter) (D:14)
  13 porcupines
  3 hell hounds
  2 floating eyes (Slime:4)
  A deep troll skeleton (Vaults:2)
  11 ice beasts
  An eye of draining (shapeshifter) (Vaults:3)
  51 orc warriors
  4 black bears
  A black bear (shapeshifter) (Vaults:1)
  An ettin simulacrum (Depths:4)
  3 eyes of draining
  A necrophage (D:8)
  4 sky beasts
  3 phantoms
  7 boggarts
  A boggart (shapeshifter) (Depths:1)
  38 wolves
  45 ogres
  5 crocodiles
  26 centaurs
  An elf skeleton (Vaults:2)
  4 big kobolds
  Blork the orc (D:6)
  A gnoll sergeant (D:7)
  15 bullfrogs
  2 earth elementals
  A scorpion (D:9)
  11 killer bees
  3 electric eels
  3 howler monkeys (D:10)
  6 crimson imps
  A bullfrog zombie (D:5)
  2 quasits
  20 orc priests
  Crazy Yiuf (D:7)
  5 hounds
  2 jellies
  2 bullfrog skeletons
  11 iguanas
  13 orc wizards
  26 worker ants
  A hound skeleton (D:4)
  A worker ant zombie (D:7)
  A howler monkey zombie (D:6)
  4 gnolls
  13 adders
  A shadow imp (D:12)
  2 oozes
  4 worms
  An adder skeleton (D:4)
  2 adder zombies
  3 leopard geckos
  100 orcs
  5 bats
  6 giant cockroaches
  8 goblins
  7 hobgoblins
  2 quokkas
  2 ball pythons
  5 frilled lizards
  23 kobolds
  6 rats
2178 creatures vanquished.

Vanquished Creatures (collateral kills)
  2 acid blobs
  An ice dragon (Depths:5)
  A deep troll shaman (Depths:5)
  A deep troll earth mage (Depths:5)
  A deep troll (Depths:5)
  An orb spider (Spider:1)
  A wolf spider (Spider:1)
  A demonic crawler (Spider:1)
  2 jumping spiders
  2 slime creatures (Slime:1)
  A redback (Spider:3)
14 creatures vanquished.

Vanquished Creatures (others)
  An acid blob (Slime:5)
  An entropy weaver (Lair:4)
  A vampire knight (Depths:1)
  A deep elf annihilator (Elf:3)
  A yaktaur captain (Depths:4)
  3 deep troll shamans
  A tengu warrior (Depths:4)
  6 deep troll earth magi
  2 quicksilver dragon simulacra (Depths:4)
  4 deep trolls (Depths:5)
  A deep troll (shapeshifter) (D:14)
  A harpy (Shoals:2)
  A deep elf mage (Elf:1)
  A wolf spider (Spider:1)
  A tengu conjurer (Depths:1)
  A jumping spider (Spider:3)
  2 polar bears (IceCv)
  A slime creature (Vaults:2)
  2 redbacks
  A water elemental (Elf:1)
  4 yaks (IceCv)
  2 humans (Shoals:1)
  A soldier ant (D:12)
  3 ettin simulacra (Depths:4)
  5 wolves (IceCv)
  A crocodile (shapeshifter) (Depths:4)
  An orc wizard (D:14)
  An orc (Vaults:4)
  A kobold (Bailey)
  10 fungi
  13 plants
  2 withered plants (Spider:2)
77 creatures vanquished.

Grand Total: 2269 creatures vanquished

Notes
Turn   | Place    | Note
-------+----------+-------------------------------------------
     0 | D:1      | krystol the Kobold Gladiator began the quest for the Orb.
     0 | D:1      | Reached XP level 1. HP: 12/12 MP: 1/1
   231 | D:1      | Reached XP level 2. HP: 17/18 MP: 2/2
   435 | D:1      | Reached skill level 3 in Fighting
   722 | D:2      | Reached XP level 3. HP: 24/24 MP: 3/3
   836 | D:2      | Reached skill level 4 in Fighting
  1237 | D:2      | Reached XP level 4. HP: 26/30 MP: 4/4
  1842 | D:3      | Reached skill level 5 in Fighting
  2038 | D:2      | Reached XP level 5. HP: 35/35 MP: 5/5
  2542 | D:3      | Reached skill level 6 in Fighting
  2754 | D:3      | Reached XP level 6. HP: 41/41 MP: 6/6
  2803 | D:4      | Found an ornate altar of the Wu Jian Council.
  2987 | D:4      | Noticed an ogre
  3045 | D:4      | Reached skill level 7 in Fighting
  3353 | D:4      | Found a bloodstained altar of Trog.
  3552 | D:4      | Noticed a phantom
  3671 | D:3      | Killed a phantom
  3671 | D:3      | Reached skill level 8 in Fighting
  3671 | D:3      | Reached XP level 7. HP: 40/49 MP: 7/7
  4104 | D:5      | Entered Level 5 of the Dungeon
  4485 | D:5      | Reached skill level 9 in Fighting
  4610 | D:5      | Reached XP level 8. HP: 37/56 MP: 8/8
  5372 | D:5      | Reached skill level 5 in Short Blades
  5497 | D:6      | Found a burning altar of Makhleb.
  6443 | D:7      | Found a bloodstained altar of Trog.
  6443 | D:7      | Noticed myga's ghost (novice HaBe)
  6444 | D:7      | Noticed a moth of wrath
  6450 | D:7      | Found a transporter.
  6463 | D:7      | Found a transporter.
  6769 | D:6      | Noticed Blork the orc
  6778 | D:6      | Killed Blork the orc
  6787 | D:6      | Found a deep blue altar of Sif Muna.
  6863 | D:6      | Reached XP level 9. HP: 60/62 MP: 9/9
  6882 | D:6      | Learned a level 1 spell: Corona
  6992 | D:7      | Noticed Harold
  7159 | D:6      | Reached skill level 10 in Fighting
  7213 | D:6      | Killed Harold
  7218 | D:6      | cool play
  7218 | D:6      | not cool play really, just killed Harold, but my short
                  | blade skill jumped to 11 so no bonus points, and I believe
                  | I did set limit to 10
  7495 | D:7      | Noticed Prince Ribbit
  7768 | D:6      | Found a deep blue altar of Sif Muna.
  8282 | D:6      | Found a burning altar of Makhleb.
  8640 | D:6      | Found a deep blue altar of Sif Muna.
  9002 | D:6      | Killed Prince Ribbit
  9002 | D:6      | Reached skill level 1 in Armour
  9002 | D:6      | Reached skill level 1 in Spellcasting
  9002 | D:6      | Reached skill level 1 in Hexes
  9021 | D:6      | Found a burning altar of Makhleb.
  9532 | D:7      | Found a runed translucent door.
  9533 | D:7      | Noticed Crazy Yiuf
  9586 | D:7      | Found a staircase to the Ecumenical Temple.
  9739 | Temple   | Entered the Ecumenical Temple
  9862 | Temple   | Became a worshipper of Ru the Awakened
 10016 | D:7      | Reached XP level 10. HP: 52/68 MP: 13/13
 10404 | D:8      | Reached skill level 5 in Dodging
 11513 | D:8      | Reached skill level 1 in Evocations
 12015 | D:9      | Gained mutation: You are clumsy. (Dex -2) [Ru sacrifice]
 12219 | D:9      | Found a shadowy altar of Dithmenos.
 12532 | D:9      | Found a sparkling altar of Nemelex Xobeh.
 12532 | D:9      | Found a basalt altar of Yredelemnul.
 12895 | D:9      | Found a staircase to the Lair.
 12958 | D:10     | Entered Level 10 of the Dungeon
 13370 | D:10     | Reached XP level 11. HP: 71/73 MP: 14/14
 13670 | D:10     | Found a staircase to the Orcish Mines.
 13692 | D:10     | Reached skill level 5 in Evocations
 14644 | D:11     | Noticed a five-headed hydra
 14764 | D:11     | Noticed a green ugly thing
 14972 | Lair:1   | Entered Level 1 of the Lair of Beasts
 15867 | D:9      | Reached skill level 11 in Fighting
 17837 | Lair:1   | Reached XP level 12. HP: 65/80 MP: 12/15
 17942 | Lair:2   | Reached skill level 5 in Armour
 19462 | Lair:2   | Reached skill level 12 in Fighting
 19742 | Lair:2   | Noticed Gastronok
 21283 | Lair:3   | Reached skill level 10 in Dodging
 22269 | Lair:4   | Found a hole to the Spider Nest.
 22834 | Lair:4   | Found a staircase to the Shoals.
 23159 | Lair:5   | Found a dark tunnel.
 23166 | Volcano  | Entered a volcano
 23187 | Volcano  | Reached XP level 13. HP: 87/87 MP: 17/17
 23198 | Volcano  | Identified a scroll of acquirement
 23662 | Lair:5   | Gained mutation: You are missing a hand. [Ru sacrifice]
 23662 | Lair:5   | Reached * piety under Ru
 23662 | Lair:5   | Reached ** piety under Ru
 23662 | Lair:5   | Reached *** piety under Ru
 24515 | Lair:6   | Entered Level 6 of the Lair of Beasts
 24589 | Lair:5   | Reached skill level 13 in Fighting
 25237 | Lair:6   | Noticed a seven-headed hydra
 25258 | Lair:5   | Killed a seven-headed hydra
 25350 | Lair:5   | Learned a level 1 spell: Confusing Touch
 25847 | Lair:6   | Got a tiger eye-encrusted plate armour
 25965 | Lair:6   | Found a viscous altar of Jiyva.
 25966 | Lair:6   | Found a staircase to the Slime Pits.
 26548 | Lair:6   | Noticed a five-headed hydra
 26615 | Lair:6   | Killed a five-headed hydra
 27599 | Lair:6   | Noticed a catoblepas
 27695 | Lair:6   | Reached skill level 5 in Hexes
 27924 | Lair:6   | Noticed a dire elephant
 27932 | Lair:6   | Killed a catoblepas
 27932 | Lair:6   | Reached XP level 14. HP: 45/95 MP: 7/21
 28311 | Lair:6   | Killed a dire elephant
 28311 | Lair:6   | Reached skill level 14 in Fighting
 28709 | D:7      | Reached skill level 10 in Evocations
 28777 | D:7      | Killed myga's ghost
 29038 | D:7      | Killed Crazy Yiuf
 29739 | Orc:1    | Entered Level 1 of the Orcish Mines
 29751 | Orc:1    | Found Edick's Magic Scroll Shop.
 29763 | Orc:1    | Found a flagged portal.
 29778 | Bailey   | Entered a bailey
 29855 | Bailey   | Found an iron altar of Okawaru.
 30107 | Bailey   | Identified the cursed +0 flail "Mescha Lys" {pain, Dex+4}
                  | (You found it in a bailey)
 30185 | Orc:1    | Bought a scroll of fear for 49 gold pieces
 30246 | Orc:1    | Found a burning altar of Makhleb.
 30890 | Orc:1    | Bought a scroll of teleportation for 42 gold pieces
 30890 | Orc:1    | Bought a scroll of teleportation for 42 gold pieces
 30890 | Orc:1    | Bought a scroll of magic mapping for 49 gold pieces
 30900 | Orc:2    | Entered Level 2 of the Orcish Mines
 31095 | Orc:2    | Found a staircase to the Elven Halls.
 31378 | Orc:2    | Found Kuuruss's Food Boutique.
 31468 | Orc:1    | Reached skill level 15 in Fighting
 32892 | Orc:2    | Found Getal's Antique Armour Boutique.
 32894 | Orc:2    | Found Koosuocef's Distillery.
 33588 | Orc:2    | Found Nuicriot's General Store.
 33645 | Orc:2    | Bought a steaming cloak for 247 gold pieces
 33657 | Orc:2    | Identified the -3 cloak of an ice cave {rPois Dex+2} (You
                  | bought it in a shop on level 2 of the Orcish Mines)
 33679 | Orc:2    | Bought a potion of heal wounds for 75 gold pieces
 33684 | Orc:2    | Bought a wand of enslavement (6) for 128 gold pieces
 33776 | Orc:2    | Found Getal's Antique Armour Boutique.
 33785 | Orc:2    | Found Kuuruss's Food Boutique.
 33786 | Orc:2    | Found Koosuocef's Distillery.
 33788 | Orc:2    | Found Nuicriot's General Store.
 33811 | Orc:2    | Found a staircase to the Elven Halls.
 34403 | D:10     | Identified the +10 plate armour of the Accordion {rElec rF+
                  | MR+} (You found it on level 6 of the Lair of Beasts)
 34537 | D:11     | Found a roughly hewn altar of Beogh.
 34566 | D:11     | Reached skill level 16 in Fighting
 34943 | D:11     | Noticed Josephine
 34961 | D:11     | Killed Josephine
 36125 | D:11     | Reached XP level 15. HP: 104/104 MP: 20/22
 36279 | D:11     | Found the +2 ratskin cloak {+Rats rPois rN+ Str-1 Int-1
                  | Dex+1}
 36279 | D:11     | Noticed a red very ugly thing
 36331 | D:11     | Killed a purple very ugly thing
 36722 | D:12     | Found a frozen archway.
 36801 | IceCv    | Entered an ice cave
 38017 | IceCv    | Gained mutation: You cannot study or cast Air magic. [Ru
                  | sacrifice]
 38017 | IceCv    | Gained mutation: You cannot study or cast Necromancy magic.
                  | [Ru sacrifice]
 38017 | IceCv    | Gained mutation: You cannot study or cast Translocations
                  | magic. [Ru sacrifice]
 38017 | IceCv    | Reached **** piety under Ru
 38169 | IceCv    | Reached skill level 17 in Fighting
 38557 | IceCv    | Noticed a frost giant
 38630 | IceCv    | Killed a frost giant
 39010 | IceCv    | Identified Gaoxadyn's Collected Works on Snow
 39019 | IceCv    | Got a dazzling leather armour
 39030 | IceCv    | Identified the cursed +0 leather armour of the Blessed
                  | Realm {Dex+5} (You found it in an ice cave)
 40771 | D:11     | Reached skill level 18 in Fighting
 42861 | D:13     | Gained mutation: You are very clumsy. (Dex -4) [Ru
                  | sacrifice]
 42861 | D:13     | Reached ***** piety under Ru
 43992 | D:13     | Reached XP level 16. HP: 93/116 MP: 17/23
 44772 | D:14     | Reached skill level 19 in Fighting
 46240 | D:14     | Found a gate to the Vaults.
 46854 | D:15     | Entered Level 15 of the Dungeon
 46859 | D:15     | Found a flickering gateway to a bazaar.
 46896 | Bazaar   | Entered a bazaar
 46913 | Bazaar   | Found Juhoeff's General Store.
 46917 | Bazaar   | Bought a wand of clouds (5) for 243 gold pieces
 46946 | Bazaar   | Found Bujasieg's Armour Shoppe.
 47006 | Bazaar   | Bought a +4 rapier of venom for 241 gold pieces
 47979 | D:14     | Reached skill level 20 in Fighting
 48554 | D:15     | Found Etyteoff's Antique Armour Shop.
 48562 | D:15     | Found Ydah's General Store.
 48614 | D:15     | Bought a potion of haste for 140 gold pieces
 48667 | D:15     | Found Digeirr's Antique Weapon Shoppe.
 48668 | D:15     | Found Gauneru's Book Shop.
 49189 | D:15     | Found a staircase to the Depths.
 50467 | D:15     | Bought a manual of Stealth for 1435 gold pieces
 50699 | Spider:1 | Entered Level 1 of the Spider Nest
 50720 | Lair:4   | Reached skill level 1 in Stealth
 51168 | Spider:1 | Reached skill level 5 in Stealth
 52400 | Spider:1 | Found a runed translucent door.
 52400 | Spider:1 | Reached skill level 10 in Stealth
 52401 | Spider:1 | Found a shimmering altar of Xom.
 52401 | Spider:1 | Noticed reativica's ghost (journeyman CeHu)
 52418 | Spider:1 | Reached XP level 17. HP: 58/125 MP: 7/24
 52805 | Lair:4   | HP: 5/125 [poisoned by a redback]
 53812 | Spider:2 | Noticed Jorgrun
 53818 | Spider:2 | Noticed Asterion
 53846 | Spider:1 | Killed Jorgrun
 54553 | Spider:1 | Gained mutation: Your mind is acute. (Int +2) [a cacodemon]
 54555 | Spider:1 | Gained mutation: You are weak. (Str -2) [a cacodemon]
 54573 | Lair:4   | Killed Asterion
 55398 | Spider:2 | Noticed Arachne
 55848 | Spider:2 | Killed Arachne
 56037 | Spider:2 | Found a runed translucent gate.
 56037 | Spider:2 | Found a runed translucent gate.
 56037 | Spider:2 | Found a runed translucent gate.
 56043 | Spider:2 | Noticed bmj180's ghost (adept MiFi)
 56043 | Spider:2 | Noticed Lotaimix's ghost (adept HOFi)
 56046 | Spider:2 | Noticed Lauz's ghost (adept MiFi)
 56048 | Spider:2 | Noticed slayr's ghost (adept DDMo)
 56393 | Spider:3 | Reached skill level 5 in Spellcasting
 57686 | Spider:3 | Reached skill level 21 in Fighting
 57718 | Spider:3 | Reached skill level 15 in Stealth
 59038 | Spider:3 | Noticed Agnes
 59049 | Spider:3 | Killed Agnes
 59600 | Spider:4 | Entered Level 4 of the Spider Nest
 60392 | Spider:4 | Reached XP level 18. HP: 121/132 MP: 24/27
 61608 | Spider:3 | HP: 6/132 [poisoned by an emperor scorpion]
 61614 | Spider:3 | HP: 5/132 [poisoned by an emperor scorpion]
 61622 | Spider:3 | HP: 6/132 [poisoned by an emperor scorpion]
 61630 | Spider:3 | HP: 6/132 [poisoned by an emperor scorpion]
 62192 | Spider:4 | Learned a level 3 spell: Confuse
 62196 | Spider:4 | Learned a level 3 spell: Tukima's Dance
 64289 | Spider:4 | Got a gossamer rune of Zot
 65041 | Shoals:1 | Entered Level 1 of the Shoals
 65085 | Shoals:1 | Noticed Kirke
 65269 | Lair:4   | Killed Kirke
 66567 | Shoals:1 | Found a runed translucent door.
 66568 | Shoals:1 | Noticed Woutahasch's ghost (journeyman HOFi)
 66720 | Shoals:1 | Noticed Roxanne
 66824 | Shoals:1 | Reached skill level 22 in Fighting
 66987 | Shoals:1 | Found Vinues Rouh's Jewellery Emporium.
 67933 | Orc:2    | Bought 2 potions of curing for 90 gold pieces
 67933 | Orc:2    | Bought a potion of magic for 120 gold pieces
 67933 | Orc:2    | Bought a potion of magic for 120 gold pieces
 68160 | Shoals:2 | Noticed Polyphemus
 68378 | Shoals:2 | Killed Polyphemus
 68534 | Shoals:2 | Reached XP level 19. HP: 140/140 MP: 28/28
 70680 | Shoals:3 | stay positive
 74462 | Shoals:4 | Entered Level 4 of the Shoals
 76391 | Elf:1    | Entered Level 1 of the Elven Halls
 76683 | Elf:1    | Reached skill level 23 in Fighting
 79507 | Elf:2    | Reached XP level 20. HP: 122/148 MP: 26/29
 79920 | Elf:2    | Found a runed translucent gate.
 79921 | Elf:2    | Found a runed translucent gate.
 79921 | Elf:2    | Found a runed translucent gate.
 80017 | Elf:3    | Entered Level 3 of the Elven Halls
 80939 | Elf:3    | Found Cinlod's Distillery.
 80939 | Elf:3    | Found Raxkaogg's Assorted Antiques.
 80940 | Elf:3    | Found Didiam's Antique Armour Boutique.
 80946 | Elf:3    | Found Ifias's Antique Weapon Shop.
 80962 | Elf:3    | Bought a potion of curing for 42 gold pieces
 80962 | Elf:3    | Bought a potion of curing for 42 gold pieces
 80962 | Elf:3    | Bought a potion of curing for 42 gold pieces
 80962 | Elf:3    | Bought a potion of curing for 42 gold pieces
 80962 | Elf:3    | Bought a potion of heal wounds for 70 gold pieces
 80962 | Elf:3    | Bought a potion of heal wounds for 70 gold pieces
 80962 | Elf:3    | Bought a potion of heal wounds for 70 gold pieces
 81029 | Elf:3    | Found a transporter.
 81061 | Elf:3    | Found a transporter.
 81143 | Elf:3    | Noticed totalnoob's ghost (adept GnWz)
 81740 | Elf:3    | Identified the ring "Tejuxiss" {EV+4 Dex+2}
 82104 | Elf:3    | Found Cinlod's Distillery.
 82104 | Elf:3    | Found Raxkaogg's Assorted Antiques.
 82105 | Elf:3    | Found Didiam's Antique Armour Boutique.
 82112 | Elf:3    | Found Ifias's Antique Weapon Shop.
 82171 | Elf:3    | Reached skill level 10 in Armour
 82442 | Elf:3    | Identified the amulet "Aziwkyip" {Spirit rPois Int+2}
 82472 | Elf:3    | Noticed an Ice Fiend
 84962 | Shoals:4 | Noticed Nikola
 84997 | Shoals:4 | Killed Nikola
 85065 | Shoals:4 | Reached skill level 10 in Hexes
 85404 | Shoals:4 | Got a barnacled rune of Zot
 87094 | Lair:2   | Killed Gastronok
 87341 | Elf:3    | Noticed a juggernaut
 87348 | Elf:3    | Found a transporter.
 87364 | Elf:3    | Found a transporter.
 87626 | Elf:3    | Found Cinlod's Distillery.
 87626 | Elf:3    | Found Raxkaogg's Assorted Antiques.
 87627 | Elf:3    | Found Ifias's Antique Weapon Shop.
 87633 | Elf:3    | Found Didiam's Antique Armour Boutique.
 87648 | Elf:3    | Noticed a Brimstone Fiend
 88138 | Elf:3    | Reached XP level 21. HP: 153/153 MP: 30/33
 88636 | Elf:3    | Identified the cursed +1 falchion "Ureil" {drain, Int+4}
 88681 | Elf:3    | Identified the +6 spear of Evolution {venom, rC+}
 88934 | Elf:3    | Reached skill level 15 in Dodging
 89180 | Elf:3    | Identified the +3 fustibalus "Tealoc" {venom, +Blink rN++
                  | Stlth-} (You found it on level 3 of the Elven Halls)
 89229 | Elf:3    | Identified the Guide on Enchanting Ignition
 89477 | Vaults:1 | Entered Level 1 of the Vaults
 90998 | Vaults:1 | Found Raareudgh's Weapon Boutique.
 92677 | Vaults:2 | Identified the Almanac of the Assistive Entourage
 92704 | Vaults:2 | Found a runed translucent gate.
 92704 | Vaults:2 | Found a runed translucent gate.
 92704 | Vaults:2 | Found a runed translucent gate.
 92706 | Vaults:2 | Noticed Yloucecuu's ghost (veteran SpEn)
 92782 | Vaults:2 | Found Efairr's Food Shop.
 93925 | Vaults:2 | Found a roughly hewn altar of Beogh.
 93992 | Vaults:2 | Reached XP level 22. HP: 55/160 MP: 12/35
 97691 | Vaults:3 | Cast into level 3 of the Abyss (a lich)
 97803 | Vaults:3 | Escaped the Abyss
 99673 | Vaults:3 | Found a staircase to the Crypt.
100003 | Vaults:4 | Reached XP level 23. HP: 138/161 MP: 32/36
100549 | Vaults:4 | Noticed Sojobo
100863 | Vaults:4 | Identified a ring of the Octopus King {MP+9 AC+1 EV+1 Str+1
                  | Int+1 Dex+1}
102703 | Depths:1 | Entered Level 1 of the Depths
103680 | Depths:1 | Identified the cursed +3 dagger "Quomipe" {elec, rC+ MR+}
103680 | Depths:1 | Identified a ring of the Octopus King {rN+ AC+1 EV+1 Str+1
                  | Int+1 Dex+1}
104693 | Depths:1 | Found a gateway to Hell.
106450 | Depths:1 | Reached XP level 24. HP: 168/168 MP: 35/36
107811 | Depths:2 | Noticed Mara
107850 | Depths:2 | Found Lecliopo's Food Emporium.
107905 | Depths:2 | Found an iron altar of Okawaru.
108694 | Depths:2 | Noticed a golden dragon
109983 | Depths:1 | Killed a golden dragon
110029 | Depths:2 | Identified the +5 flail "Kutub" {crush, Dex+3}
110044 | Depths:2 | Reached skill level 15 in Armour
110485 | Depths:2 | Noticed krystol's illusion
110595 | Depths:2 | Noticed krystol's illusion
110770 | Depths:1 | Noticed krystol's illusion
111068 | Depths:1 | Noticed krystol's illusion
111387 | Depths:1 | Noticed krystol's illusion
111412 | Depths:1 | Killed Mara
113791 | Depths:3 | Found a one-way gate leading to the halls of Pandemonium.
114398 | Depths:3 | Reached XP level 25. HP: 168/174 MP: 35/36
116925 | Depths:4 | Found a shadowy altar of Dithmenos.
117198 | Depths:4 | Found an opulent altar of Gozag.
117198 | Depths:4 | Found a gateway to a ziggurat.
117521 | Depths:4 | Identified the +5 war axe "Cigycues" {antimagic, rElec rC+}
117581 | Depths:4 | Identified the +7 chain mail "Dufyhafu" {Dex+5}
117599 | Depths:4 | Reached skill level 24 in Fighting
117924 | Depths:4 | Found an ancient bone altar of Kikubaaqudgha.
119141 | Depths:4 | Found a bloodstained altar of Trog.
119141 | Depths:4 | Found a one-way gate to the infinite horrors of the Abyss.
120722 | Depths:4 | Got a smelly chain mail
120728 | Depths:4 | Identified the cursed +1 chain mail of Virtue {*Corrode
                  | Str+4 Int+4} (You found it on level 4 of the Depths)
121068 | Vaults:3 | Identified the +5 scale mail "Rewyesas" {MR+ rCorr Dex-4
                  | Stlth+} (You found it on level 3 of the Vaults)
121339 | Depths:5 | Entered Level 5 of the Depths
121709 | Depths:5 | Reached XP level 26. HP: 156/183 MP: 32/36
122337 | Depths:5 | Found a gate to the Realm of Zot.
123400 | Depths:5 | Noticed a juggernaut
123415 | Depths:5 | Killed a juggernaut
124443 | Depths:5 | Noticed a juggernaut
124450 | Depths:5 | Killed a juggernaut
124451 | Depths:5 | cool play sneak on Juggernaut
124470 | Depths:5 | Identified the ring "Wimeawou" {*Contam Int+6 Stlth+} (You
                  | found it on level 5 of the Depths)
125885 | Slime:1  | Entered Level 1 of the Pits of Slime
126265 | Slime:5  | Entered Level 5 of the Pits of Slime
126843 | Slime:5  | Found a viscous altar of Jiyva.
126843 | Slime:5  | Noticed the Royal Jelly
126872 | Slime:5  | HP: 7/184 [azure jelly[the Royal Jelly] (16)]
127331 | Slime:5  | Gained mutation: Your magical capacity is low. (-10% MP) [a
                  | shining eye]
127333 | Slime:5  | Gained mutation: Your body sometimes deteriorates upon
                  | taking damage. [a shining eye]
127336 | Slime:5  | Gained mutation: You are very weak. (Str -4) [a shining
                  | eye]
127355 | Slime:5  | Gained mutation: You are frail. (-10% HP) [a shining eye]
127358 | Slime:5  | Gained mutation: Your spells are a little easier to cast,
                  | but a little less powerful. [a shining eye]
128138 | D:15     | Bought a scroll of immolation for 49 gold pieces
128138 | D:15     | Bought a box of beasts for 280 gold pieces
129661 | Slime:1  | Reached skill level 15 in Evocations
129816 | Slime:2  | Reached skill level 25 in Fighting
130253 | Slime:2  | Gained mutation: Potions are less effective at restoring
                  | your health. [a shining eye]
130256 | Slime:2  | Lost mutation: Your mind is acute. (Int +2) [a shining eye]
130739 | Slime:2  | Lost mutation: You are frail. (-10% HP) [potion of
                  | mutation]
130739 | Slime:2  | Lost mutation: Your magical capacity is low. (-10% MP)
                  | [potion of mutation]
130739 | Slime:2  | Lost mutation: Your spells are a little easier to cast, but
                  | a little less powerful. [potion of mutation]
130739 | Slime:2  | Gained mutation: You are covered in fur. (AC +1) [potion of
                  | mutation]
130739 | Slime:2  | Gained mutation: You are partially covered in rugged brown
                  | scales. (AC +1, +3% HP) [potion of mutation]
130740 | Slime:2  | Lost mutation: Potions are less effective at restoring your
                  | health. [potion of mutation]
130740 | Slime:2  | Lost mutation: You are very weak. (Str -4) [potion of
                  | mutation]
130740 | Slime:2  | Lost mutation: You are covered in fur. (AC +1) [potion of
                  | mutation]
130740 | Slime:2  | Gained mutation: Your body often deteriorates upon taking
                  | damage. [potion of mutation]
130740 | Slime:2  | Gained mutation: You do not regenerate when monsters are
                  | visible. [potion of mutation]
130740 | Slime:2  | Gained mutation: You are covered in fur. (AC +1) [potion of
                  | mutation]
133045 | Slime:2  | Reached XP level 27. HP: 180/198 MP: 31/36
133257 | Slime:2  | Gained mutation: You are very weak. (Str -4) [a shining
                  | eye]
134631 | Slime:5  | Killed the Royal Jelly
135075 | Slime:3  | Slain by an azure jelly

Skill      XL: |  1  2  3  4  5  6  7  8  9 10 11 12 13 14 15 16 17 18 19 20 21 22 23 24 25 26 |
---------------+-------------------------------------------------------------------------------+-----
Fighting       | 3 4 5 6 8 9 10 11 12 13 16 18 20 21 22 23 24 25 | 25.2
Short Blades   | 8 11 12 14 | 14.0
Armour         | 1 3 4 6 8 9 10 11 12 14 15 16 17 | 17.3
Dodging        | 4 6 8 10 11 12 13 14 16 17 19 21 22 23 | 23.2
Spellcasting   | 2 6 8 9 |  9.0
Hexes          | 2 5 6 8 10 | 10.0
Evocations     | 4 5 6 9 10 13 14 15 | 15.6
Stealth        | 10 17 20 | 20.0
Throwing       | |  2.1

Action                   |  1- 3 |  4- 6 |  7- 9 | 10-12 | 13-15 | 16-18 | 19-21 | 22-24 | 25-27 || total
-------------------------+-------+-------+-------+-------+-------+-------+-------+-------+-------++-------
Melee: Rapier            |    70 |   149 |   330 |   641 |   278 |   433 |  1177 |  2846 |  2171 ||  8095
       Dagger            |       |       |       |   529 |  2356 |  2047 |  1170 |   217 |       ||  6319
       Spear             |       |       |       |       |     1 |       |       |       |       ||     1
 Fire: Hunting sling     |       |    61 |    89 |   117 |     4 |       |       |       |       ||   271
Throw: Stone             |    28 |    10 |     1 |     3 |     3 |       |       |       |       ||    45
       Tomahawk          |       |       |       |       |     3 |     6 |     1 |       |       ||    10
       Throwing net      |       |       |       |       |     1 |       |       |       |     1 ||     2
 Cast: Confusing Touch   |       |       |       |       |   264 |   270 |   379 |   333 |   196 ||  1442
       Corona            |       |       |       |       |    23 |    56 |    29 |    10 |    21 ||   139
       Confuse           |       |       |       |       |       |       |       |       |     2 ||     2
Invok: Sacrifice Purity  |       |       |       |     1 |     1 |       |       |       |       ||     2
       Reject Sacrifices |       |       |       |     1 |       |       |       |       |       ||     1
       Sacrifice a Hand  |       |       |       |       |     1 |       |       |       |       ||     1
       Draw Out Power    |       |       |       |       |     3 |     5 |     2 |     3 |     7 ||    20
       Sacrifice Arcana  |       |       |       |       |     1 |       |       |       |       ||     1
       Apocalypse        |       |       |       |       |       |       |     1 |       |     2 ||     3
       Power Leap        |       |       |       |       |       |       |       |       |     1 ||     1
 Abil: Evoke Ratskin     |       |       |       |       |       |    13 |     1 |       |       ||    14
       Evoke Blink       |       |       |       |       |       |       |       |     7 |       ||     7
Evoke: Wand              |       |       |       |    13 |     6 |     6 |    23 |    14 |    63 ||   125
       Lamp of fire      |       |       |       |       |       |     1 |       |       |     5 ||     6
       Phial of floods   |       |       |       |       |       |       |       |     1 |     2 ||     3
       Phantom mirror    |       |       |       |       |       |       |       |       |     1 ||     1
       Sack of spiders   |       |       |       |       |       |       |       |       |     2 ||     2
  Use: Scroll            |     6 |     2 |     4 |    11 |    16 |     9 |    15 |     3 |    15 ||    81
       Potion            |       |       |       |     5 |     1 |    12 |     1 |     1 |    11 ||    31
 Stab: Sleeping          |     1 |     1 |       |       |       |    24 |    19 |    12 |     8 ||    65
       Paralysed         |       |       |       |     3 |     1 |     3 |    13 |       |     8 ||    28
       Confused          |       |       |       |       |   243 |   217 |   275 |   264 |   156 ||  1155
       Invisible         |       |       |       |       |     5 |    26 |    36 |    24 |    15 ||   106
       Distracted        |       |       |       |       |     1 |    14 |     7 |     7 |     5 ||    34
       Petrified         |       |       |       |       |       |     2 |       |       |       ||     2
       Petrifying        |       |       |       |       |       |     1 |       |       |       ||     1
       Held in net/web   |       |       |       |       |       |     2 |       |       |       ||     2
  Eat: Chunk             |     5 |     4 |    19 |    42 |    72 |    40 |    65 |    64 |    21 ||   332
       Ration            |       |       |       |     1 |     4 |    28 |     8 |     5 |    20 ||    66
Armor: Leather armour    |    14 |     5 |       |       |       |       |       |       |       ||    19
       Scale mail        |       |    46 |    79 |   297 |   525 |   761 |   343 |       |       ||  2051
       Ring mail         |       |       |       |       |    38 |       |       |       |       ||    38
       Plate armour      |       |       |       |       |       |       |   705 |  1041 |  1178 ||  2924
Dodge: Dodged            |    52 |   101 |   171 |   689 |  1402 |  1402 |  1282 |  1056 |  1220 ||  7375
